 Dungeon Crawl Stone Soup version 0.31-a0-210-gccc998df9b (webtiles) character file.

Game seed: 1016266594649331473

1316 qw the Cleaver (level 8, -4/51 HPs)
             Began as a Gargoyle Fighter on June 29, 2023.
             Was an Initiate of Okawaru.
             Shot with an arrow by an orc warrior (9 damage)
             ... on level 6 of the Dungeon on June 30, 2023.
             The game lasted 00:02:56 (5177 turns).

qw the Cleaver (Gargoyle Fighter)                   Turns: 5177, Time: 00:02:57

Health: -4/51      AC: 13    Str: 22    XL:     8   Next: 59%
Magic:  7/8        EV: 11    Int:  9    God:    Okawaru [......]
Gold:   171        SH:  5    Dex:  9    Spells: 7/7 levels left

rFire   . . .        Y - +0 war axe
rCold   . . .        c - +0 buckler
rNeg    + . .        b - +0 scale mail
rPois   inf          (helmet restricted)
rElec   +            (no cloak)
rCorr   .            (no gloves)
SInv    .            (no boots)
Will    +....        (no amulet)
Stlth   +            (no ring)
HPRegen 0.28/turn    (no ring)
MPRegen 0.11/turn

%: no passive effects
@: brilliant, about to teleport, heroic
A: sickness immunity, AC +5, negative energy resistance 1, electricity
resistance, torment resistance 1, petrification resistance, horns 1,
strong-willed 1, screaming 1
a: Renounce Religion


You were on level 6 of the Dungeon.
You worshipped Okawaru.
Okawaru was noncommittal.
You visited 1 branch of the dungeon, and saw 6 of its levels.

You collected 187 gold pieces.
You spent 16 gold pieces at shops.


Innate Abilities, Weirdness & Mutations

You are immune to sickness and miasma.
Your stone body is resilient. (AC +5)
You are immune to poison.
You resist negative energy. (rN+)
You are resistant to electric shocks. (rElec)
You are resistant to unholy torment.
You are immune to petrification.
You have a pair of small horns on your head.
You are strong-willed. (Will+)
You occasionally shout uncontrollably at your foes.


   Skills:
 + Level 5.9(10.9) Fighting
 - Level 8.1(13.1) Axes
 - Level 3.2(8.2) Armour
 - Level 1.9(6.9) Dodging
 - Level 3.2(8.2) Shields
 - Level 1.1 Invocations


You had 7 spell levels left.
You didn't know any spells.
Your spell library was empty.

Inventory:

Hand Weapons
 a - a +0 hammer of holy wrath
 m - a +3 flail
 Y - a +0 war axe (weapon)
Armour
 b - a +0 scale mail (worn)
 c - a +0 buckler (worn)
Jewellery
 o - an amulet of guardian spirit
Scrolls
 l - a scroll of identify
Potions
 d - a potion of might
 e - a potion of resistance
 f - a potion of heal wounds {unknown}
 g - a potion of cancellation
 h - a potion of enlightenment
 i - a potion of mutation
 n - a potion of curing

Dungeon Overview and Level Annotations

Branches:
Dungeon (6/15)
 Temple: D:4-7

Altars:
Elyvilon
Hepliaklqana
Nemelex Xobeh
Okawaru

Shops:
D:1 *

Annotations:
D:1 exclusions: 2 goblins and hobgoblin
D:4 1 runed translucent door, Crazy Yiuf


Message History

You block the gnoll's attack. The gnoll sergeant barely misses you.
You barely miss the gnoll.
The gnoll is moderately wounded.
You barely miss the gnoll. You slash the orc!
You kill the orc!
Okawaru accepts your kill.
You slice the gnoll!!
You kill the gnoll!
Okawaru accepts your kill.
You hit the gnoll. The gnoll misses you.
The orc priest invokes the aid of Beogh against you.
Pain shoots through your body! The gnoll sergeant closely misses you.
5174 ||| READING scroll of teleportation.
As you read the scroll of teleportation, it crumbles to dust.
You feel strangely unstable. The gnoll misses you.
The orc priest calls down the wrath of Beogh upon you.
Pain shoots through your body! You block the gnoll sergeant's attack.
You barely miss the gnoll.
The gnoll is lightly wounded.
The gnoll hits you but does no damage.
The orc wizard casts a spell.
The orc wizard flickers and vanishes!
Deactivating autopickup; reactivate with Ctrl-A.
The gnoll sergeant barely misses you.
You barely miss the gnoll. You headbutt the gnoll!
The gnoll is severely wounded.
The gnoll hits you but does no damage.
The orc warrior unwields a +0 flail.
The orc warrior wields a +0 orcbow.
The orc warrior shoots an arrow.
You block the arrow.
The gnoll sergeant hits you but does no damage.
You hit the gnoll.
You kill the gnoll!
Okawaru accepts your kill.
You hit the orc priest.
The orc priest hits you but does no damage.
The gnoll sergeant hits you but does no damage.
The orc warrior shoots an arrow.
The arrow hits you!
You die...

#.##......?
.........# ## .
...#.#..#... ..
....#$.#.##
...##..........
...............
...........#
......)<.#.#...
.#....)@)......
......#o.#.####
......#g.# #
....# ...o ....
#..#. ...
...... .. ..##
#. ... ..


You could see an orc warrior, a gnoll sergeant and an orc priest.

Vanquished Creatures
  Grinder (D:3)
  An ice beast (D:5)
  2 phantoms
  4 scorpions
  A water moccasin zombie (D:4)
  A water moccasin skeleton (D:4)
  A howler monkey (D:4)
  A centaur zombie (D:4)
  2 hounds (D:5)
  A sleepcap (D:5)
  2 iguanas (D:5)
  An orc wizard (D:4)
  2 scorpion zombies (D:4)
  A hound zombie (D:4)
  4 hound skeletons (D:4)
  5 gnolls (D:6)
  4 adders
  2 ufetubi
  2 adder skeletons (D:4)
  5 adder zombies (D:4)
  A worm (D:2)
  7 orcs
  7 endoplasms
  7 giant cockroaches
  11 goblins
  13 hobgoblins
  2 jackals (D:3)
  2 quokkas
  8 ball pythons
  6 bats
  8 kobolds
  4 rats
119 creatures vanquished.

Notes
Turn   | Place    | Note
-------+----------+-------------------------------------------
     0 | D:1      | qw the Gargoyle Fighter began the quest for the Orb.
     0 | D:1      | Reached XP level 1. HP: 14/14 MP: 1/1
     0 | D:1      | 0 ||| qw: Version: 0.3-a-24-ga2abf7b
     0 | D:1      | 0 ||| qw: Game counter: 7051
     0 | D:1      | 0 ||| qw: Melee chars always use a shield: true
     0 | D:1      | 0 ||| qw: God list: Okawaru
     0 | D:1      | 0 ||| qw: Allow faded altars: false
     0 | D:1      | 0 ||| qw: Do Orc after clearing Dungeon:15 true
     0 | D:1      | 0 ||| qw: Do second Lair branch before Depths: true
     0 | D:1      | 0 ||| qw: Lair rune preference: random
     0 | D:1      | 0 ||| qw: Goals: Normal, Zot:1-4, Slime:5, God:TSO, Crypt,
                  | Tomb, Abyss, Pan, Hells, Win
     0 | D:1      | 0 ||| PLANNING D:1-11
   117 | D:1      | Found Ciofe's Assorted Antiques.
   124 | D:1      | 124 ||| BUYING emerald potion (16 gold).
   124 | D:1      | Bought an emerald potion for 16 gold pieces
   124 | D:1      | 124 ||| SHOPLISTING jewelled gold wand (72 gold, have 11).
   124 | D:1      | 124 ||| SHOPLISTING pair of embroidered gloves (135 gold,
                  | have 11).
   124 | D:1      | 124 ||| SHOPLISTING scroll labelled JEEMOFF KINU (18 gold,
                  | have 11).
   124 | D:1      | 124 ||| SHOPLISTING scroll labelled NOEKHL AZAYREE (18
                  | gold, have 11).
   124 | D:1      | 124 ||| SHOPLISTING scroll labelled OPLAUWIDOPS (18 gold,
                  | have 11).
   132 | D:1      | Reached skill level 2 in Axes
   244 | D:1      | Reached XP level 2. HP: 19/19 MP: 2/2
   521 | D:1      | 521 ||| READING 3 scrolls labelled NYFRIPL PEMO.
   522 | D:1      | 522 ||| Stepping ~*~*~tactically~*~*~ (stealth).
   619 | D:1      | 619 ||| Stepping ~*~*~tactically~*~*~ (hiding).
   621 | D:1      | 621 ||| Stepping ~*~*~tactically~*~*~ (hiding).
   856 | D:1      | 856 ||| Stepping ~*~*~tactically~*~*~ (stealth).
   857 | D:1      | 857 ||| Stepping ~*~*~tactically~*~*~ (stealth).
   860 | D:1      | Reached skill level 3 in Axes
   864 | D:1      | Reached XP level 3. HP: 18/23 MP: 3/3
  1134 | D:2      | Found a faded altar of an unknown god.
  1547 | D:2      | 1547 ||| Stepping ~*~*~tactically~*~*~ (stealth).
  1728 | D:2      | Reached XP level 4. HP: 28/28 MP: 4/4
  1777 | D:2      | Reached skill level 4 in Axes
  1976 | D:2      | 1976 ||| UPGRADING to amulet of guardian spirit.
  1981 | D:2      | 1981 ||| READING 2 scrolls labelled JEEMOFF KINU.
  1986 | D:2      | 1986 ||| READING scroll labelled CUWUES DIULUX.
  1987 | D:2      | 1987 ||| READING scroll labelled OPLAUWIDOPS.
  1988 | D:2      | 1988 ||| DRINKING 2 emerald potions.
  2020 | D:3      | 2020 ||| Stepping ~*~*~tactically~*~*~ (stealth).
  2021 | D:3      | 2021 ||| Stepping ~*~*~tactically~*~*~ (stealth).
  2137 | D:3      | Noticed Grinder
  2150 | D:3      | Paralysed by Grinder for 4 turns
  2160 | D:3      | Paralysed by Grinder for 2 turns
  2164 | D:3      | Killed Grinder
  2165 | D:3      | Reached skill level 5 in Axes
  2165 | D:3      | Reached XP level 5. HP: 16/32 MP: 2/5
  2165 | D:3      | Reached XP level 6. HP: 19/37 MP: 2/6
  2475 | D:3      | 2475 ||| Stepping ~*~*~tactically~*~*~ (hiding).
  2476 | D:3      | 2476 ||| Stepping ~*~*~tactically~*~*~ (hiding).
  2523 | D:3      | 2523 ||| Stepping ~*~*~tactically~*~*~ (stealth).
  2715 | D:3      | 2715 ||| UPGRADING to +0 helmet.
  2720 | D:3      | 2720 ||| READING 2 scrolls of enchant armour.
  2720 | D:3      | 2720 ||| ENCHANTING +0 helmet.
  2721 | D:3      | 2721 ||| READING scroll of enchant armour.
  2721 | D:3      | 2721 ||| ENCHANTING +1 helmet.
  2722 | D:3      | 2722 ||| READING scroll labelled RUTHROGG WOMIM.
  2723 | D:3      | 2723 ||| DRINKING 2 smoky coppery potions.
  2724 | D:3      | 2724 ||| DRINKING 2 grey potions.
  2745 | D:4      | Found a sparkling altar of Nemelex Xobeh.
  2761 | D:4      | Found a white marble altar of Elyvilon.
  2882 | D:4      | 2882 ||| DROPPING +0 mace.
  2883 | D:4      | Identified the +5 hammer of the Pit {freeze, Str+4}
  2887 | D:4      | Found a runed translucent door.
  2888 | D:4      | Noticed Crazy Yiuf
  2931 | D:4      | 2931 ||| Stepping ~*~*~tactically~*~*~ (stealth).
  2932 | D:4      | 2932 ||| Stepping ~*~*~tactically~*~*~ (stealth).
  2933 | D:4      | 2933 ||| Stepping ~*~*~tactically~*~*~ (stealth).
  2978 | D:4      | 2978 ||| Stepping ~*~*~tactically~*~*~ (stealth).
  3004 | D:4      | Reached skill level 1 in Dodging
  3004 | D:4      | Reached XP level 7. HP: 35/43 MP: 4/7
  3015 | D:4      | Reached skill level 6 in Axes
  3288 | D:4      | 3288 ||| Stepping ~*~*~tactically~*~*~ (stealth).
  3400 | D:4      | Reached skill level 7 in Axes
  3499 | D:4      | 3499 ||| Stepping ~*~*~tactically~*~*~ (stealth).
  3500 | D:4      | 3500 ||| Stepping ~*~*~tactically~*~*~ (stealth).
  3591 | D:4      | 3591 ||| Stepping ~*~*~tactically~*~*~ (hiding).
  4155 | D:4      | Found a hazy altar of Hepliaklqana.
  4214 | D:4      | 4214 ||| READING scroll labelled TYURUA HERELO.
  4271 | D:5      | Entered Level 5 of the Dungeon
  4290 | D:5      | 4290 ||| Stepping ~*~*~tactically~*~*~ (stealth).
  4304 | D:5      | 4304 ||| FLEEEEING.
  4421 | D:5      | Found an iron altar of Okawaru.
  4422 | D:5      | 4422 ||| PLANNING OKAWARU WORSHIP
  4422 | D:5      | 4422 ||| DRINKING 2 viscous brown potions.
  4422 | D:5      | Gained mutation: You are strong-willed. (Will+) [potion of
                  | mutation]
  4422 | D:5      | Gained mutation: You occasionally shout uncontrollably at
                  | your foes. [potion of mutation]
  4422 | D:5      | Gained mutation: You have a pair of small horns on your
                  | head. [potion of mutation]
  4423 | D:5      | 4423 ||| DROPPING +2 helmet.
  4429 | D:5      | Became a worshipper of Warmaster Okawaru
  4430 | D:5      | 4430 ||| PLANNING D:1-11
  4430 | D:5      | 4430 ||| REMOVING amulet of guardian spirit.
  4529 | D:5      | Reached XP level 8. HP: 43/49 MP: 8/8
  4612 | D:5      | 4612 ||| DROPPING +5 hammer of the Pit {freeze, Str+4}.
  4742 | D:5      | Reached skill level 8 in Axes
  4920 | D:5      | Reached * piety under Okawaru
  4941 | D:5      | Reached skill level 1 in Invocations
  5130 | D:5      | 5130 ||| DRINKING 2 green potions.
  5131 | D:5      | 5131 ||| READING 2 scrolls of identify.
  5131 | D:5      | 5131 ||| IDENTIFYING blue potion
  5132 | D:5      | 5132 ||| DROPPING potion of brilliance.
  5165 | D:6      | 5165 ||| INVOKING Heroism.
  5173 | D:6      | HP: 10/51 [orc priest/nerve-wracking pain (7)]
  5174 | D:6      | 5174 ||| READING scroll of teleportation.
  5174 | D:6      | HP: 4/51 [orc priest/nerve-wracking pain (6)]
  5177 | D:6      | Shot with an arrow by an orc warrior

Levels and vault maps discovered:
D:1:      dpeg_arrival_morbid_curiosity, layout_basic, serial_shops,
          nicolae_shop_overgrown_old_shop
D:2:      layout_loops_corners, ebering_ecumenical_altar_rust, st_stairs_10
D:3:      layout_basic, uniq_grinder
D:4:      layout_layer_cave, elyvilon_altar_1,
          worldfamousw_hep_ancestral_shrine,
          mainiacjoe_overflow_surrounded_room, serial_undead, serial_undead_d,
          serial_undead_a, serial_undead_e, serial_undead_f,
          uniq_crazy_yiuf_cottage
D:5:      layout_basic, mainiacjoe_overflow_alcove_2
D:6:      layout_basic, uniq_duvessa, uniq_blork_the_orc

Skill      XL: |  1  2  3  4  5  6  7  8 |
---------------+-------------------------+-----
Axes           | 2 3 5 7 8 |  8.1
Fighting       | 4 5 |  5.9
Dodging        | 1 |  1.9
Invocations    | 1 |  1.1
Armour         | |  3.2
Shields        | |  3.2

Action                     |  1- 3 |  4- 6 |  7- 9 || total
---------------------------+-------+-------+-------++-------
  Melee: War axe           |    93 |   119 |   168 ||   380
         Headbutt          |       |       |     8 ||     8
  Throw: Boomerang         |       |     2 |       ||     2
 Invoke: Heroism           |       |       |     1 ||     1
    Use: Scroll            |     1 |     6 |     3 ||    10
         Potion            |       |     3 |     2 ||     5
 Armour: Scale mail        |    47 |    78 |   103 ||   228
  Dodge: Dodged            |    36 |    62 |    83 ||   181
  Block: Buckler           |    17 |    23 |    20 ||    60

Table legend:
 A = Non-vault XP
 B = Vault XP
 C = Vault XP percentage of total XP
 D = Non-vault monster count
 E = Vault monster count
 F = Vault count percentage of total count
                 A         B        C        D         E       F
            +---------+---------+-------+---------+---------+-------
      Total |    1119 |     777 |  41.0 |      93 |      26 |  21.8
            +---------+---------+-------+---------+---------+-------
        D:1 |      30 |       9 |  23.1 |      19 |       5 |  20.8
        D:2 |      46 |      14 |  23.3 |      19 |       2 |   9.5
        D:3 |      31 |     258 |  89.3 |      16 |       1 |   5.9
        D:4 |     221 |     496 |  69.2 |      18 |      18 |  50.0
        D:5 |     713 |       0 |   0.0 |      14 |       0 |   0.0
        D:6 |      78 |       0 |   0.0 |       7 |       0 |   0.0
            +---------+---------+-------+---------+---------+-------
